 Dungeon Crawl Stone Soup version 0.28-a0-622-gbaef9634d7 (webtiles) character file.

Game seed: 8702119252352781862

2011 siradein the Skirmisher (level 9, -3/69 HPs)
             Began as a Demonspawn Gladiator on Oct 7, 2021.
             Was a Believer of Jiyva.
             Slain by an iguana (5 damage)
             ... on level 6 of the Dungeon.
             The game lasted 00:12:03 (6905 turns).

siradein the Skirmisher (Demonspawn Gladiator)      Turns: 6905, Time: 00:12:04

Health: -3/69      AC:  6    Str: 21    XL:     9   Next: 2%
Magic:  9/9        EV: 13    Int: 11    God:    Jiyva [**....]
Gold:   219        SH:  0    Dex: 16    Spells: 8/8 levels left

rFire   . . .      SeeInvis .     - Unarmed
rCold   + . .      Faith    .   (no shield)
rNeg    . . .      Spirit   .   f - +0 ring mail
rPois   .          Reflect  .   (helmet restricted)
rElec   .          Harm     .   y - +0 cloak
rCorr   .          Rampage  .   (no gloves)
Will    .....                   (no boots)
Stlth   +.........              l - amulet of the acrobat
HPRegen 0.21/turn               p - ring of protection from cold
MPRegen 0.11/turn               u - +6 ring of strength

@: no status effects
A: antennae 1, claws 2, hooves 1, powered by death 1, spiny 1
a: Renounce Religion, Request Jelly


You were on level 6 of the Dungeon.
You worshipped Jiyva.
Jiyva was pleased with you.
You visited 2 branches of the dungeon, and saw 7 of its levels.
You also visited: Ossuary.

You collected 219 gold pieces.

Inventory:

Hand Weapons
 t - a +1 hunting sling of freezing
Missiles
 d - 4 throwing nets (quivered)
 v - 116 stones
 w - 44 sling bullets
 z - 15 poisoned darts
Armour
 f - a +0 ring mail (worn)
 y - a +0 cloak (worn)
Jewellery
 l - an amulet of the acrobat (around neck)
 p - a ring of protection from cold (left claw)
 u - a +6 ring of strength (right claw)
Wands
 a - a wand of flame (39)
Scrolls
 c - a scroll of teleportation {unknown}
 e - 5 scrolls of identify {unknown}
 i - 2 scrolls of enchant armour {unknown}
 j - 2 scrolls of blinking {unknown}
 k - a scroll of noise {unknown}
 m - 2 scrolls of enchant weapon {unknown}
 n - 3 scrolls of fear {unknown}
 o - 2 scrolls of immolation {unknown}
 r - a scroll of brand weapon {unknown}
Potions
 b - a potion of ambrosia {unknown}
 g - a potion of attraction {unknown}
 h - a potion of magic {unknown}
 q - a potion of flight {unknown}
 s - a potion of curing {unknown}
 x - a potion of might {unknown}


   Skills:
 + Level 5.9 Fighting
 - Level 5.1 Staves
 + Level 5.3 Throwing
 + Level 5.7 Dodging
 + Level 4.1 Unarmed Combat


You had 8 spell levels left.
You didn't know any spells.
Your spell library contained the following spells:

 Spells                   Type           Power      Damage    Failure   Level
 Foxfire                  Conj/Fire      0%         2x1d4     52%         1
 Corpse Rot               Necr/Air       N/A        N/A       65%         2
 Poisonous Vapours        Pois/Air       0%         N/A       65%         2
 Conjure Flame            Conj/Fire      0%         6-21      87%         3
 Inner Flame              Hex/Fire       0%         N/A       87%         3
 Flame Wave               Conj/Fire      0%         3d3       99%         4


Dungeon Overview and Level Annotations

Branches:
Dungeon (6/15)             Temple (1/1) D:4         Ossuary (visited)

Altars:
Ashenzari
Cheibriados
Makhleb
Nemelex Xobeh
Okawaru
Qazlal
Ru
Sif Muna
Trog
Uskayaw
Vehumet
Wu Jian
Xom
Yredelemnul
Zin
The Shining One
Jiyva

Shops:
D:4 =


Innate Abilities, Weirdness & Mutations

You have a pair of small antennae on your head.
You have very sharp fingernails.
You have large cloven feet.
You regenerate a little health from kills.
You are partially covered in sharp spines.


Message History

You kill the water moccasin!
You hear some strange, mumbled words.
Something tries to affect you, but you resist.
You have reached level 9!
Your experience leads to an increase in your attributes!
Your base attributes are Str 15, Int 11, Dex 15.
Increase (S)trength, (I)ntelligence, or (D)exterity?
You feel agile.
Your demonic ancestry asserts itself...
Your fingernails sharpen.
Something completely misses you.
You see here a water moccasin corpse.
You scratch something. You kick something. Something hits you.
You barely miss something. Your kick misses something. Something hits you.
You barely miss something.
You hear some strange, mumbled words.
You are confused.
You bump into the rock wall.
Something hits you but does no damage.
You completely miss something. Your kick misses something. Something hits you.
You bump into the rock wall.
Something hits you.
You bump into the rock wall.
Reactivating autopickup.
You feel a bit more experienced.
You bump into the rock wall.
You bump into the rock wall.
The orc hits you from afar with a +0 spear.
The iguana bites you!
* * * LOW HITPOINT WARNING * * *
You bump into the rock wall.
You feel less confused. The orc hits you but does no damage.
The iguana is struck by your spines. The iguana bites you.
* * * LOW HITPOINT WARNING * * *
You claw the iguana!
The iguana is almost dead.
The orc misses you. The iguana bites you!
* * * LOW HITPOINT WARNING * * *
You closely miss the iguana. You kick the iguana, but do no damage.
The iguana is almost dead.
The orc closely misses you. The iguana bites you.
You die...

#......##.##.#######
#####.###.##.##....#
#.###.##.##.####.oo
... #..............#
... .)..
#####.###########
..#####...# #.# #.#
.........# #.# #.#
..Sg...
#.#########g####{.o.g
#.......@logg..###)#
##############..)).#
#######


You could see a gnoll sergeant, an iguana, 2 gnolls and an orc.

Vanquished Creatures
  Sigmund (D:5)
  A water moccasin (D:6)
  2 necrophages
  3 ogres
  A centaur (D:6)
  2 elf zombies (Ossuary)
  A scorpion (D:4)
  A water moccasin zombie (D:5)
  6 killer bees (D:5)
  4 howler monkeys
  A centaur zombie (Ossuary)
  A human zombie (Ossuary)
  2 hounds
  A gnoll shaman (D:6)
  2 orc wizards (D:6)
  A killer bee zombie (D:4)
  A hound zombie (Ossuary)
  3 mummies (Ossuary)
  11 gnolls
  9 adders
  An ufetubus (D:5)
  4 adder zombies (Ossuary)
  2 adder skeletons (D:4)
  A worm (D:4)
  2 dart slugs
  5 orcs
  8 endoplasms
  2 giant cockroaches
  2 gnoll zombies (Ossuary)
  9 goblins
  4 hobgoblins
  11 jackals
  12 kobolds
  A quokka (D:1)
  6 ball pythons
  5 bats
  5 frilled lizards
  3 goblin zombies (Ossuary)
  4 jackal zombies (Ossuary)
  5 kobold zombies (Ossuary)
  2 orc zombies (Ossuary)
  3 quokka zombies (Ossuary)
  5 rats
  3 rat zombies (Ossuary)
159 creatures vanquished.

Vanquished Creatures (others)
  A scorpion (D:5)
  A bullfrog zombie (D:5)
  An orc priest (D:5)
  A hound (D:5)
  6 jellies
  An orc wizard (D:6)
  A hound zombie (D:5)
  4 gnolls
  2 adders (D:6)
  4 orcs
  3 jackals (D:5)
  A fungus (D:2)
  7 plants (D:5)
  A withered plant (D:2)
34 creatures vanquished.

Grand Total: 193 creatures vanquished

Notes
Turn   | Place    | Note
-------+----------+-------------------------------------------
     0 | D:1      | siradein the Demonspawn Gladiator began the quest for the
                  | Orb.
     0 | D:1      | Reached XP level 1. HP: 16/16 MP: 1/1
   245 | D:1      | Gained mutation: You are partially covered in sharp spines.
                  | [demonic ancestry]
   245 | D:1      | Reached XP level 2. HP: 21/22 MP: 2/2
  1007 | D:2      | Gained mutation: You regenerate a little health from kills.
                  | [demonic ancestry]
  1007 | D:2      | Reached XP level 3. HP: 26/28 MP: 3/3
  1189 | D:2      | Found a faded altar of an unknown god.
  1758 | D:3      | Reached XP level 4. HP: 34/34 MP: 4/4
  2186 | D:3      | Noticed an ogre
  2834 | D:3      | Found a radiant altar of Vehumet.
  2974 | D:4      | Found Oriost's Jewellery Emporium.
  3013 | D:4      | Found a sand-covered staircase.
  3024 | Ossuary  | Entered an ossuary
  3049 | Ossuary  | Gained mutation: You have large cloven feet. [demonic
                  | ancestry]
  3049 | Ossuary  | Reached XP level 5. HP: 41/41 MP: 5/5
  3330 | Ossuary  | Reached XP level 6. HP: 47/47 MP: 6/6
  3478 | Ossuary  | Reached skill level 1 in Unarmed Combat
  3936 | D:4      | Gained mutation: You have sharp fingernails. [demonic
                  | ancestry]
  3936 | D:4      | Reached XP level 7. HP: 53/54 MP: 7/7
  3969 | D:4      | Found a staircase to the Ecumenical Temple.
  4177 | Temple   | Entered the Ecumenical Temple
  4242 | Temple   | Became a worshipper of Jiyva Jotonuy the Shapeless
  5247 | D:5      | Entered Level 5 of the Dungeon
  5265 | D:5      | Reached * piety under Jiyva
  5290 | D:5      | Gained mutation: You have a pair of small antennae on your
                  | head. [demonic ancestry]
  5290 | D:5      | Reached XP level 8. HP: 54/61 MP: 8/8
  5355 | D:5      | Reached skill level 5 in Staves
  5360 | D:5      | Reached skill level 5 in Fighting
  5361 | D:5      | Reached skill level 5 in Dodging
  5933 | D:5      | Found a shimmering blue altar of Sif Muna.
  6003 | D:5      | Noticed Sigmund
  6013 | D:5      | Killed Sigmund
  6158 | D:5      | Reached skill level 5 in Throwing
  6180 | D:5      | Reached ** piety under Jiyva
  6266 | D:5      | Found a basalt altar of Yredelemnul.
  6518 | D:5      | Found an iron altar of Okawaru.
  6520 | D:5      | Found a snail-covered altar of Cheibriados.
  6520 | D:5      | You fall into a shaft and drop 1 floor!
  6523 | D:6      | Found a broken altar of Ashenzari.
  6893 | D:6      | Gained mutation: You have very sharp fingernails. [demonic
                  | ancestry]
  6893 | D:6      | Reached XP level 9. HP: 32/69 MP: 9/9
  6904 | D:6      | HP: 1/69 [iguana (12)]
  6905 | D:6      | Slain by an iguana

Illustrated notes

Levels and vault maps discovered:
D:1:      saegor_arrival_simple_b, layout_basic
D:2:      layout_loops_cross, shapermc_ecumenical_altar_gd
D:3:      layout_loops_ring, lemuel_round_altar
D:4:      layout_layer_cave, temple_doors_e, serial_shops, shop,
          enter_ossuary_1, minmay_quadrilaterals
D:5:      layout_basic, mainiacjoe_overflow_chevrons,
          grunt_temple_overflow_open, hangedman_glass_teeth, uniq_sigmund
D:6:      layout_loops_ring, nicolae_gozag_cash_rules_everything_around_me,
          cheibrodos_ashenzari_chains, grunt_potential, uniq_blork_the_orc
Temple:   pf_slimified_temple

Skill      XL: |  1  2  3  4  5  6  7  8 |
---------------+-------------------------+-----
Throwing       | 2 3 4 5 |  5.3
Staves         | 3 4 5 |  5.1
Dodging        | 3 4 5 |  5.7
Fighting       | 3 4 5 |  5.9
Unarmed Combat | 1 2 4 |  4.1

Action                   |  1- 3 |  4- 6 |  7- 9 || total
-------------------------+-------+-------+-------++-------
Melee: Quarterstaff      |    76 |   163 |    78 ||   317
       Kick              |       |    39 |    46 ||    85
       Unarmed           |       |       |    61 ||    61
       Punch             |       |       |     1 ||     1
  Use: Scroll            |       |     2 |       ||     2
Armor: Leather armour    |     7 |       |       ||     7
       Ring mail         |    14 |    45 |    17 ||    76
Dodge: Dodged            |    38 |   101 |   113 ||   252

Table legend: (Time is in decaauts)
 A = Elapsed time spent in this place.
 B = Non-inter-level travel time spent in this place.
 C = Inter-level travel time spent in this place.
 D = Time resting spent in this place.
 E = Time spent auto-exploring this place.
 F = Levels seen in this place.
 G = Mean time per level.
                   A        B        C        D        E       F      G
               +--------+--------+--------+--------+--------+-----+--------+
         Total |   6942 |   6481 |    461 |    790 |   4462 |   8 |  867.8 |
       Dungeon |   6199 |   5738 |    461 |    790 |   3945 |   6 | 1033.2 |
        Temple |     70 |     70 |      0 |      0 |      0 |   1 |   70.0 |
       Ossuary |    672 |    672 |      0 |      0 |    517 |   1 |  672.0 |
               +--------+--------+--------+--------+--------+-----+--------+

Top non-repeatable levels by time:
     D:4: 1661 daAuts
     D:2: 1260 daAuts
     D:1: 1101 daAuts
     D:3: 970 daAuts
     D:5: 824 daAuts
 Ossuary: 672 daAuts
     D:6: 382 daAuts
  Temple: 70 daAuts
